 Dungeon Crawl Stone Soup version 0.29.0-4-gdea44cf6ec (webtiles) character file.

Game seed: 14806410435776076241

130 qw the Chopper (level 5, 0/30 HPs)
             Began as a Tengu Warper on Aug 28, 2022.
             Succumbed to a scorpion's poison
             ... on level 3 of the Dungeon.
             The game lasted 00:00:12 (2092 turns).

qw the Chopper (Tengu Warper)                       Turns: 2092, Time: 00:00:12

Health: 0/30       AC: 10    Str: 13    XL:     5   Next: 14%
Magic:  9/9        EV:  7    Int: 14    God:
Gold:   140        SH:  0    Dex: 13    Spells: 8/8 levels left

rFire   . . .      SeeInvis .   j - +0 hand axe (vamp)
rCold   . . .      Faith    .   (no shield)
rNeg    . . .      Spirit   .   i - +0 chain mail
rPois   .          Reflect  .   (helmet restricted)
rElec   .          Harm     .   d - +0 cloak
rCorr   .          Rampage  .   (no gloves)
Will    .....                   (boots unavailable)
Stlth   ..........              (no amulet)
HPRegen 0.10/turn               (no ring)
MPRegen 0.11/turn               (no ring)

@: lethally poisoned (0 -> -11), flying quickly and evasively, quick
A: beak, talons 3, nimble flight
a: no special abilities


You were on level 3 of the Dungeon.
You visited 1 branch of the dungeon, and saw 3 of its levels.

You collected 140 gold pieces.


Innate Abilities, Weirdness & Mutations

You have a beak for a mouth.
You have claws for feet.
Your magical nature lets you fly swiftly and evasively.


   Skills:
 - Level 2.0 Fighting
 + Level 5.0 Axes
 - Level 1.0 Throwing
 - Level 2.8 Armour
 - Level 2.1 Dodging
 - Level 2.0 Spellcasting
 - Level 2.4 Translocations


You had 8 spell levels left.
You didn't know any spells.
Your spell library contained the following spells:

 Spells                   Type           Power      Damage    Failure   Level
 Blink                    Tloc           16%        N/A       99%         2
 Gell's Gravitas          Tloc           8%         N/A       100%        3
 Lesser Beckoning         Tloc           8%         N/A       100%        3
 Teleport Other           Tloc           8%         N/A       100%        3
 Manifold Assault         Tloc           8%         N/A       100%        5

Inventory:

Hand Weapons
 h - a +0 flail
 j - a +0 vampiric hand axe (weapon)
Armour
 d - a +0 cloak (worn)
 i - a +0 chain mail (worn)
Scrolls
 c - a scroll of identify
Potions
 a - a potion of degeneration {unknown}
 b - a potion of might {unknown}
 e - a potion of flight {unknown}
 f - a potion of heal wounds {unknown}
 g - a potion of lignification {unknown}
 k - a potion of curing {unknown}
 l - a potion of haste {unknown}
 n - a potion of mutation {unknown}

Dungeon Overview and Level Annotations

Branches:
Dungeon (3/15)

Altars:


Message History

You hit the scorpion.
You peck the scorpion, but do no damage.
The scorpion is heavily wounded.
You hit the orc priest.
You feel better.
You barely miss the orc.
You feel sick.
The scorpion stings you but does no damage.
The orc priest hits you but does no damage.
The orc hits you with a +0 dagger.
You barely miss the orc priest. Your peck misses the orc priest.
The orc priest is severely wounded.
You closely miss the orc. You barely miss the scorpion.
You feel sick. The scorpion stings you.
The orc priest looks satisfied for a moment.
The orc hits you but does no damage.
You closely miss the orc priest. Your peck misses the orc priest.
The orc priest is severely wounded.
You hit the dart slug. You hit the orc but do no damage.
You closely miss the scorpion.
You feel sick.
The scorpion stings you but does no damage.
The dart slug launches a dart at you.
The slug dart hits you but does no damage.
The orc priest barely misses you. The orc hits you but does no damage.
You hit the orc priest.
You feel better.
Your kick misses the orc priest. You peck the orc priest.
You kill the orc priest!
You hit the scorpion but do no damage. You hit the dart slug but do no damage.
You hit the orc but do no damage.
You feel sick. The scorpion closely misses you.
The orc hits you but does no damage.
The dart slug bites you but does no damage.
The scorpion stings you.
You are lethally poisoned!
The scorpion poisons you!
Your Armour skill increases to level 2!
You have reached level 5!
Your magical nature develops, letting you fly swiftly and evasively.
You barely miss the scorpion. You claw the scorpion!
The scorpion is almost dead.
You hit the dart slug. You hit the orc.
You die...

#.# #.# ##.#######
.........# ##.#####.#
##.#####.#
......##.##########
##.##.##.[......o)#.###
##%## #########.@s...?#
.<..# # #w#)#.#.#
##.##.# #.#.# ...)..#
#.#.# ##.#### #.#.# #.#
#.#.# #.# #.#.# #.#
#.#.# #.#


You could see a scorpion, a dart slug and an orc.

Vanquished Creatures
  2 orc priests
  A gnoll (D:1)
  An adder (D:3)
  A worm (D:1)
  A dart slug (D:1)
  4 orcs
  6 bats
  5 endoplasms (D:1)
  3 giant cockroaches
  3 goblins (D:2)
  4 hobgoblins
  4 kobolds
  3 quokkas
  3 rats
41 creatures vanquished.

Notes
Turn   | Place    | Note
-------+----------+-------------------------------------------
     0 | D:1      | qw the Tengu Warper began the quest for the Orb.
     0 | D:1      | Reached XP level 1. HP: 12/12 MP: 4/4
     0 | D:1      | 0 ||| qw: Version: 0.1-a-89-g26bdef1
     0 | D:1      | 0 ||| qw: Game counter: 3327
     0 | D:1      | 0 ||| qw: Always use a shield: true
     0 | D:1      | 0 ||| qw: God list: Okawaru
     0 | D:1      | 0 ||| qw: Allow faded altars: false
     0 | D:1      | 0 ||| qw: Do Orc after D:15 true
     0 | D:1      | 0 ||| qw: Do second Lair branch before Depths: true
     0 | D:1      | 0 ||| qw: Lair rune preference: random
     0 | D:1      | 0 ||| qw: Plans: Normal
     0 | D:1      | 0 ||| PLANNING D:1-11
    20 | D:1      | 20 ||| Stepping ~*~*~tactically~*~*~ (hiding).
   122 | D:1      | 122 ||| Stepping ~*~*~tactically~*~*~ (hiding).
   220 | D:1      | Found a faded altar of an unknown god.
   224 | D:1      | Reached skill level 3 in Axes
   224 | D:1      | Reached XP level 2. HP: 17/17 MP: 6/6
   583 | D:1      | Reached XP level 3. HP: 19/21 MP: 7/7
   917 | D:1      | Reached skill level 4 in Axes
   948 | D:1      | 948 ||| UPGRADING to +0 cloak.
   953 | D:1      | 953 ||| UPGRADING to +0 ring mail.
   963 | D:1      | 963 ||| DROPPING +0 leather armour.
   964 | D:1      | 964 ||| UPGRADING to +0 chain mail.
   974 | D:1      | 974 ||| DROPPING +0 ring mail.
   975 | D:1      | 975 ||| READING scroll labelled QUODET BUACZIDERYFF.
   976 | D:1      | 976 ||| READING 2 scrolls labelled QENOSKAUGH.
   977 | D:1      | 977 ||| DROPPING scroll of blinking.
   978 | D:1      | 978 ||| DROPPING scroll of magic mapping.
  1093 | D:2      | 1093 ||| STAIRDANCE
  1768 | D:2      | 1768 ||| READING 2 scrolls labelled JEIPLA KAKK.
  1769 | D:2      | 1769 ||| READING scroll labelled BUIBUWK YSOEST.
  1770 | D:2      | 1770 ||| READING scroll labelled IFOXKU DOLENER.
  1773 | D:2      | 1773 ||| READING scroll labelled ZAEMUACKAUD.
  1906 | D:3      | 1906 ||| Stepping ~*~*~tactically~*~*~ (hiding).
  1910 | D:3      | 1910 ||| STAIRDANCE
  1916 | D:2      | Reached XP level 4. HP: 26/26 MP: 8/8
  1918 | D:3      | 1918 ||| STAIRDANCE
  1921 | D:2      | Reached skill level 5 in Axes
  1923 | D:3      | 1923 ||| STAIRDANCE
  1932 | D:3      | 1932 ||| STAIRDANCE
  1969 | D:3      | 1969 ||| STAIRDANCE
  1996 | D:3      | 1996 ||| STAIRDANCE
  2012 | D:3      | 2012 ||| STAIRDANCE
  2048 | D:3      | Identified the +10 whip of the Seven Shrikes {pain, *Rage
                  | rPois Int+3}
  2050 | D:3      | 2050 ||| DROPPING +10 whip of the Seven Shrikes {pain,
                  | *Rage rPois Int+3}.
  2078 | D:3      | Noticed a scorpion
  2089 | D:3      | HP: 6/26 [poisoned by a scorpion]
  2090 | D:3      | HP: 2/26 [poisoned by a scorpion]
  2092 | D:3      | Gained mutation: Your magical nature lets you fly swiftly
                  | and evasively. [Tengu growth]
  2092 | D:3      | Reached XP level 5. HP: 2/30 MP: 9/9
  2092 | D:3      | Succumbed to a scorpion's poison

Levels and vault maps discovered:
D:1:      minmay_arrival_four_houses, layout_basic,
          shapermc_ecumenical_altar_starsandcircs
D:2:      layout_loops_cross
D:3:      layout_basic, nrook_mini_vaults, uniq_robin

Skill      XL: |  1  2  3  4 |
---------------+-------------+-----
Axes           | 3 4 5 |  5.0
Armour         | 2 |  2.8
Fighting       | |  2.0
Throwing       | |  1.0
Dodging        | |  2.1
Spellcasting   | |  2.0
Translocations | |  2.4

Action                   |  1- 3 |  4- 6 || total
-------------------------+-------+-------++-------
Melee: Hand axe          |    59 |    37 ||    96
       Kick              |    15 |    10 ||    25
       Peck              |     9 |     4 ||    13
Throw: Boomerang         |     7 |       ||     7
  Use: Scroll            |     6 |       ||     6
Armor: Leather armour    |     5 |       ||     5
       Chain mail        |    29 |    32 ||    61
Dodge: Dodged            |    16 |    19 ||    35

Table legend:
 A = Non-vault XP
 B = Vault XP
 C = Vault XP percentage of total XP
 D = Non-vault monster count
 E = Vault monster count
 F = Vault count percentage of total count
                 A         B        C        D         E       F
            +---------+---------+-------+---------+---------+-------
      Total |     187 |       0 |   0.0 |      41 |       0 |   0.0
            +---------+---------+-------+---------+---------+-------
        D:1 |      51 |       0 |   0.0 |      19 |       0 |   0.0
        D:2 |      73 |       0 |   0.0 |      17 |       0 |   0.0
        D:3 |      63 |       0 |   0.0 |       5 |       0 |   0.0
            +---------+---------+-------+---------+---------+-------
